 Dungeon Crawl Stone Soup version 0.29.1-12-g30fa7ad0bf (webtiles) character file.

Game seed: 11076753558883117839

92 sankara the Covered (level 4, -3/40 HPs)
             Began as a Minotaur Fighter on Jan 8, 2023.
             Slain by Terence
             ... wielding a +3 flail of protection
              (6 damage)
             ... on level 2 of the Dungeon.
             The game lasted 00:01:46 (1386 turns).

sankara the Covered (Minotaur Fighter)              Turns: 1386, Time: 00:01:47

Health: -3/40      AC:  9    Str: 21    XL:     4   Next: 35%
Magic:  3/3        EV:  9    Int:  5    God:
Gold:   97         SH:  4    Dex: 11    Spells: 3/3 levels left

rFire   . . .      SeeInvis +   a - +0 war axe
rCold   . . .      Faith    .   c - +0 buckler
rNeg    . . .      Spirit   .   h - +0 scale mail
rPois   .          Reflect  .   (helmet restricted)
rElec   .          Harm     .   (no cloak)
rCorr   .          Rampage  .   q - +0 pair of gloves
Will    .....                   i - +0 pair of boots
Stlth   ..........              (no amulet)
HPRegen 0.13/turn               n - ring of see invisible
MPRegen 0.08/turn               (no ring)

@: no status effects
A: horns 2, retaliatory headbutt
a: no special abilities


You were on level 2 of the Dungeon.
You visited 1 branch of the dungeon, and saw 2 of its levels.

You collected 97 gold pieces.

Inventory:

Hand Weapons
 a - a +0 war axe (weapon)
 b - a +0 sling
Missiles
 g - 2 boomerangs (quivered)
Armour
 c - a +0 buckler (worn)
 h - a +0 scale mail (worn)
 i - a +0 pair of boots (worn)
 q - a +0 pair of gloves (worn)
Jewellery
 n - a ring of see invisible (left hand)
Scrolls
 e - a scroll of teleportation {unknown}
 j - 2 scrolls of silence {unknown}
 k - 2 scrolls of identify {unknown}
 p - a scroll of enchant weapon {unknown}
Potions
 d - a potion of might
 f - a potion of degeneration {unknown}
 l - 2 potions of curing {unknown}
 m - a potion of heal wounds {unknown}
 o - a potion of mutation {unknown}


   Skills:
 + Level 4.2 Fighting
 * Level 4.0 Axes
 + Level 4.3 Armour
 + Level 4.2 Shields


You had 3 spell levels left.
You didn't know any spells.
Your spell library contained the following spells:

 Spells                   Type           Power      Damage    Failure   Level
 Static Discharge         Conj/Air       0%         3-3/arc   95%         2
 Conjure Ball Lightning   Conj/Air       0%         3x3d6     100%        6
 Chain Lightning          Conj/Air       0%         N/A       100%        9


Dungeon Overview and Level Annotations

Branches:
Dungeon (2/15)

Altars:

Annotations:
D:2 Terence


Innate Abilities, Weirdness & Mutations

You have a pair of horns on your head.
You reflexively headbutt those who attack you in melee.


Message History

Terence hits you with a +3 flail of protection.
You closely miss Terence.
Terence is almost dead.
You barely miss the endoplasm. You closely miss the giant cockroach.
The giant cockroach closely misses you. The endoplasm freezes you.
You are frozen.
Terence barely misses you. The giant cockroach barely misses you.
You closely miss Terence. You headbutt Terence.
Terence is almost dead.
You slash the endoplasm!
You kill the endoplasm!
You hit the giant cockroach.
The giant cockroach bites you but does no damage.
Terence barely misses you.
The giant cockroach bites you but does no damage.
Terence hits you with a +3 flail of protection!
* * * LOW HITPOINT WARNING * * *
You hit Terence.
Terence is almost dead.
You slash the giant cockroach!
You kill the giant cockroach!
Terence barely misses you.
Unknown command.
You barely miss Terence.
Terence is almost dead.
Terence hits you with a +3 flail of protection.
* * * LOW HITPOINT WARNING * * *
Unknown command.
You hit Terence but do no damage.
Terence is almost dead.
Terence barely misses you.
A worm comes into view.
You block Terence's attack.
Unknown command.
You closely miss Terence.
Terence is almost dead.
You hit the worm.
Terence hits you with a +3 flail of protection.
You die...

#.# #.# #.# #.# ###
#.######.# #!.
#.....##.# #.#
#.###.##.# #.# # #.#
#.##.####.# .#
#.###.##.##...###.#
#)#...............#.#
#.#.#..........@w..#
#........##.####@.#....
#.#.#######.# #...###
#.#.# #.# #w.... #.# #
#.# ..### #.# #.# ..>
#.# #.# ... #.# ... #.#


You could see Terence and 2 worms.

Vanquished Creatures
  Jessica (D:2)
  2 adders (D:2)
  A dart slug (D:1)
  5 bats
  2 endoplasms
  2 giant cockroaches (D:2)
  5 goblins (D:1)
  6 hobgoblins
  3 jackals (D:1)
  2 kobolds
  4 quokkas (D:1)
  2 ball pythons (D:1)
  3 frilled lizards
  3 rats (D:1)
41 creatures vanquished.

Notes
Turn   | Place    | Note
-------+----------+-------------------------------------------
     0 | D:1      | sankara the Minotaur Fighter began the quest for the Orb.
     0 | D:1      | Reached XP level 1. HP: 19/19 MP: 0/0
   231 | D:1      | Reached XP level 2. HP: 10/27 MP: 1/1
   702 | D:1      | Reached XP level 3. HP: 33/33 MP: 2/2
   841 | D:1      | Got the Teachings on Breath
  1373 | D:2      | Noticed Jessica
  1374 | D:2      | Noticed Terence
  1376 | D:2      | Killed Jessica
  1377 | D:2      | Reached XP level 4. HP: 40/40 MP: 3/3
  1386 | D:2      | Slain by Terence

Illustrated notes

Levels and vault maps discovered:
D:1:      dpeg_arrival_line_fractal, layout_loops_corners
D:2:      layout_loops_ring, uniq_terence, uniq_jessica, uniq_natasha

Skill      XL: |  1  2  3 |
---------------+----------+-----
Axes           | 3 4 |  4.0
Armour         | 4 |  4.3
Shields        | 4 |  4.2
Fighting       | 4 |  4.2

Action                   |  1- 3 |  4- 6 || total
-------------------------+-------+-------++-------
Melee: War axe           |    69 |    10 ||    79
       Headbutt          |     7 |     4 ||    11
Armor: Scale mail        |    35 |     3 ||    38
Dodge: Dodged            |    31 |     7 ||    38
Block: Buckler           |    11 |     2 ||    13
